 Dungeon Crawl Stone Soup version 0.27-a0-333-gfa571bf19a (webtiles) character file.

Game seed: 17992473267103625848

39 ReteAZ the Sneak (level 3, 0/24 HPs)
             Began as an Octopode Brigand on Feb 12, 2021.
             Slain by a quokka (4 damage)
             ... on level 1 of the Dungeon.
             The game lasted 00:01:09 (1381 turns).

ReteAZ the Sneak (Octopode Brigand)                 Turns: 1381, Time: 00:01:10

Health: 0/24       AC:  1    Str: 10    XL:     3   Next: 45%
Magic:  3/3        EV: 13    Int: 13    God:
Gold:   87         SH:  0    Dex: 14    Spells: 2/2 levels left

rFire    . . .     SeeInvis .   a - +2 dagger
rCold    . . .     Faith    .   (no shield)
rNeg     . . .     Spirit   .   (helmet restricted)
rPois    .         Reflect  .   (no amulet)
rElec    .         Harm     .   (no ring)
rCorr    .         Rampage  .   (no ring)
Will     .....                  (no ring)
Stlth    ++++......             (no ring)
HPRegen  0.08/turn              (no ring)
MPRegen  0.08/turn              (no ring)
                                (no ring)
                                (no ring)

@: no status effects
A: almost no armour, stealthy swim, amphibious, 8 rings, constrict 8, camouflage
1, gelatinous body 1
a: no special abilities


You were on level 1 of the Dungeon.
You visited 1 branch of the dungeon, and saw 2 of its levels.

You collected 87 gold pieces.

Inventory:

Hand Weapons
 a - a +2 dagger (weapon)
Missiles
 b - 19 poisoned darts (quivered)
 c - 2 curare-tipped darts
Scrolls
 d - a scroll of blinking {unknown}
 e - a scroll of random uselessness {unknown}


   Skills:
 - Level 2.0 Fighting
 - Level 2.0 Short Blades
 - Level 2.0 Throwing
 - Level 1.0 Dodging
 + Level 7.1 Stealth


You had 2 spell levels left.
You didn't know any spells.
Your spell library was empty.

Dungeon Overview and Level Annotations

Branches:
Dungeon (2/15)

Altars:
Yredelemnul


Innate Abilities, Weirdness & Mutations

You cannot wear most types of armour.
You are very stealthy in the water. (Stealth+)
You are amphibious.
You can wear up to eight rings at the same time.
You can use your tentacles to constrict eight enemies at once.
Your skin changes colour to match your surroundings (Stealth+).
Your rubbery body absorbs attacks. (AC +1, EV +1)


Message History

The jackal is moderately wounded.
You constrict the jackal. The jackal closely misses you.
A hobgoblin comes into view.
The jackal barely misses you.
You hit the jackal.
The jackal is almost dead.
You constrict the jackal, but do no damage.
The quokka bites you. The jackal closely misses you.
You hit the jackal.
You kill the jackal!
The quokka bites you.
You hit the quokka. You grab the quokka.
The quokka is moderately wounded.
You constrict the quokka, but do no damage.
The quokka misses you. The jackal bites you. The quokka barely misses you.
You are too injured to fight recklessly!
You are too injured to fight recklessly!
You are too injured to fight recklessly!
You are too injured to fight recklessly!
You are too injured to fight recklessly!
You release your grip on the quokka.
You see here a glowing spear.
The jackal completely misses you. The jackal bites you. The jackal bites you.
The jackal closely misses you. The jackal barely misses you.
The quokka twitches its whiskers.
The quokka misses you. The jackal misses you. The jackal bites you.
* * * LOW HITPOINT WARNING * * *
There is a stone staircase leading up, spattered with blood here.
The quokka closely misses you. The jackal closely misses you.
You climb upwards.
There is a stone staircase leading down here.
The jackal bites you.
* * * LOW HITPOINT WARNING * * *
The jackal closely misses you. The jackal barely misses you.
The quokka bites you.
You die...

#...#.##...#.##..# #..#
#.###......#..#..# #..# #.#
#.##รท..##.#..# #..#
..###.##...##.#..# #..#
..#.####...##....# #..#
..#....'...###...#####..#
..#)####...# #..........####
.##.# #######...####......#
.##.# #....##.@# #.#.##.# ....#
#....##hr# #.#^...#
#########....##.># #.######
######.......###.# #.#
.........##'####.####.##
.........##.# #........#
.........##.###..#.##.##
.........+............##########
.........##.###................#


You could see a quokka and a jackal.

Vanquished Creatures
  A leopard gecko (D:2)
  3 giant cockroaches
  5 goblins
  2 hobgoblins
  6 jackals
  2 quokkas
  4 bats
  A frilled lizard (D:1)
  4 kobolds
  4 rats
32 creatures vanquished.

Notes
Turn   | Place    | Note
-------+----------+-------------------------------------------
     0 | D:1      | ReteAZ the Octopode Brigand began the quest for the Orb.
     0 | D:1      | Reached XP level 1. HP: 14/14 MP: 1/1
    81 | D:1      | Reached skill level 6 in Stealth
    81 | D:1      | Reached XP level 2. HP: 5/19 MP: 2/2
  1067 | D:2      | Reached XP level 3. HP: 23/24 MP: 3/3
  1303 | D:2      | Reached skill level 7 in Stealth
  1317 | D:2      | Found a basalt altar of Yredelemnul.
  1381 | D:1      | Slain by a quokka

Illustrated notes

Levels and vault maps discovered:
D:1:      saegor_arrival_simple_e, layout_basic
D:2:      layout_basic, nicolae_overflow_crystal_walls, lemuel_doored_altar

Skill      XL: |  1  2  3 |
---------------+----------+-----
Stealth        | 6 7 |  7.1
Fighting       | |  2.0
Short Blades   | |  2.0
Throwing       | |  2.0
Dodging        | |  1.0

Action                   || total
-------------------------++-------
Melee: Dagger            ||    55
       Constrict         ||    19
       Tentacles         ||     7
 Stab: Sleeping          ||    10
Armor: Skin              ||     6
Dodge: Dodged            ||    37

Table legend: (Time is in decaauts)
 A = Elapsed time spent in this place.
 B = Non-inter-level travel time spent in this place.
 C = Inter-level travel time spent in this place.
 D = Time resting spent in this place.
 E = Time spent auto-exploring this place.
 F = Levels seen in this place.
 G = Mean time per level.
                   A        B        C        D        E       F      G
               +--------+--------+--------+--------+--------+-----+--------+
         Total |   1376 |   1331 |     45 |    222 |    933 |   2 |  688.0 |
       Dungeon |   1376 |   1331 |     45 |    222 |    933 |   2 |  688.0 |
               +--------+--------+--------+--------+--------+-----+--------+

Top non-repeatable levels by time:
     D:1: 960 daAuts
     D:2: 416 daAuts
